TOP OF THE 1ST |
Plymouth Rocks batting - Pitching for Nashville G-Strings : RHP Javier García
|
Pitching: RHP Javier García
|
|
Batting: LHB Bob Smith
|
0-0: Ball 1-0: Ball 2-0: Foul Ball, location: 2F 2-1: Foul Ball, location: 2F 2-2: Strikes out swinging
|
Batting: LHB Roberto García
|
0-0: Ball 1-0: Ground out 4-3 (Groundball, 4)
|
Batting: LHB Roy Patrick
|
0-0: Ball 1-0: Fly out, F7 (Flyball, 7LSF)
|
Top of the 1st over - 0 run(s), 0 hit(s), 0 error(s), 0 left on base; Plymouth 0 - Nashville 0 |
BOTTOM OF THE 1ST |
Nashville G-Strings batting - Pitching for Plymouth Rocks : RHP José Martínez
|
Pitching: RHP José Martínez
|
|
Batting: SHB Jorge Flores
|
0-0: Ball 1-0: Foul Ball, location: 2F 1-1: Swinging Strike 1-2: Strikes out swinging
|
Batting: LHB Jesús Núñez
|
0-0: Fly out, F3 (Line Drive, 3)
|
Batting: RHB Sergio Márquez
|
0-0: Ball 1-0: Fly out, F7 (Flyball, 78S)
|
Bottom of the 1st over - 0 run(s), 0 hit(s), 0 error(s), 0 left on base; Plymouth 0 - Nashville 0 |
TOP OF THE 2ND |
Plymouth Rocks batting - Pitching for Nashville G-Strings : RHP Javier García
|
Batting: RHB Andrés Lara
|
0-0: Swinging Strike 0-1: Foul Ball, location: 2F 0-2: Strikes out swinging
|
Batting: LHB Barrett Waters
|
0-0: Ball 1-0: Ground out U3 (Groundball, 34)
|
Batting: LHB Roger Moore
|
0-0: Called Strike 0-1: Fly out, F4 (Line Drive, 4)
|
Top of the 2nd over - 0 run(s), 0 hit(s), 0 error(s), 0 left on base; Plymouth 0 - Nashville 0 |
BOTTOM OF THE 2ND |
Nashville G-Strings batting - Pitching for Plymouth Rocks : RHP José Martínez
|
Batting: RHB Danny Campbell
|
0-0: Called Strike 0-1: Ball 1-1: Called Strike 1-2: Ball 2-2: Strikes out swinging
|
Batting: RHB António Ortega
|
0-0: Ball 1-0: Ball 2-0: Called Strike 2-1: Ball 3-1: Called Strike 3-2: Strikes out swinging
|
Batting: SHB Rob Grun
|
0-0: Ball 1-0: DOUBLE (Flyball, 8LXD)
|
Batting: LHB John Horton
|
0-0: Called Strike 0-1: Ball 1-1: Ball 2-1: Ball 3-1: Called Strike 3-2: Foul Ball, location: 2F 3-2: Foul Ball, location: 2F 3-2: Ground out 5-3 (Groundball, 5)
|
Bottom of the 2nd over - 0 run(s), 1 hit(s), 0 error(s), 1 left on base; Plymouth 0 - Nashville 0 |
TOP OF THE 3RD |
Plymouth Rocks batting - Pitching for Nashville G-Strings : RHP Javier García
|
Batting: RHB António Gonzáles
|
0-0: Ball 1-0: Swinging Strike 1-1: Called Strike 1-2: SINGLE (Groundball, 56D)
|
Batting: RHB Taylor McFarland
|
0-0: Ball 1-0: Ball 2-0: Ball 3-0: Base on Balls António Gonzáles to second
|
Batting: RHB Rafael Carreón
|
0-0: Called Strike 0-1: Ball 1-1: Foul Ball, location: 2F 1-2: Grounds into double play, 6-4-3 (Groundball, 6) António Gonzáles to third
|
Batting: LHB Bob Smith
|
0-0: Ball Passed Ball! António Gonzáles scores 1-0: SOLO HOME RUN (Flyball, 89XD), Distance : 462 ft
|
Batting: LHB Roberto García
|
0-0: Foul Ball, location: 2F 0-1: Ball 1-1: Ball 2-1: Foul Ball, location: 2F 2-2: Ball 3-2: SINGLE (Line Drive, 8LS)
|
Batting: LHB Roy Patrick
|
0-0: Called Strike 0-1: Foul Ball, location: 2F 0-2: Strikes out swinging
|
Top of the 3rd over - 2 run(s), 3 hit(s), 0 error(s), 1 left on base; Plymouth 2 - Nashville 0 |
BOTTOM OF THE 3RD |
Nashville G-Strings batting - Pitching for Plymouth Rocks : RHP José Martínez
|
Batting: RHB Greg King
|
0-0: Called Strike 0-1: Ball 1-1: Fly out, F8 (Flyball, 8LS)
|
Batting: RHB Wilson López
|
0-0: Ball 1-0: Ball 2-0: Foul Ball, location: 2F 2-1: Ball 3-1: Called Strike 3-2: Fly out, F4 (Line Drive, 4)
|
Batting: SHB Jorge Flores
|
0-0: Called Strike 0-1: Foul Ball, location: 2F 0-2: Ball 1-2: Foul Ball, location: 2F 1-2: Foul Ball, location: 2F 1-2: Strikes out swinging
|
Bottom of the 3rd over - 0 run(s), 0 hit(s), 0 error(s), 0 left on base; Plymouth 2 - Nashville 0 |
TOP OF THE 4TH |
Plymouth Rocks batting - Pitching for Nashville G-Strings : RHP Javier García
|
Batting: RHB Andrés Lara
|
0-0: Foul Ball, location: 2F 0-1: Foul Ball, location: 2F 0-2: Ground out 6-3 (Groundball, 6)
|
Batting: LHB Barrett Waters
|
0-0: Fly out, F7 (Flyball, 78M)
|
Batting: LHB Roger Moore
|
0-0: Ball 1-0: Foul Ball, location: 2F 1-1: Foul Ball, location: 2F 1-2: Strikes out swinging
|
Top of the 4th over - 0 run(s), 0 hit(s), 0 error(s), 0 left on base; Plymouth 2 - Nashville 0 |
BOTTOM OF THE 4TH |
Nashville G-Strings batting - Pitching for Plymouth Rocks : RHP José Martínez
|
Batting: LHB Jesús Núñez
|
0-0: Foul Ball, location: 2F 0-1: Ball 1-1: Swinging Strike 1-2: Strikes out swinging
|
Batting: RHB Sergio Márquez
|
0-0: Ball 1-0: Ball 2-0: Ball 3-0: Called Strike 3-1: Foul Ball, location: 2F 3-2: SINGLE (Groundball, 6D)
|
Batting: RHB Danny Campbell
|
0-0: Ball 1-0: Ball 2-0: Called Strike 2-1: Swinging Strike 2-2: Ball 3-2: Strikes out swinging
|
Batting: RHB António Ortega
|
0-0: Called Strike 0-1: 2-RUN HOME RUN (Flyball, 7LD), Distance : 385 ft
|
Batting: SHB Rob Grun
|
0-0: Called Strike 0-1: Ball 1-1: Fly out, F7 (Flyball, 7)
|
Bottom of the 4th over - 2 run(s), 2 hit(s), 0 error(s), 0 left on base; Plymouth 2 - Nashville 2 |
TOP OF THE 5TH |
Plymouth Rocks batting - Pitching for Nashville G-Strings : RHP Javier García
|
Batting: RHB António Gonzáles
|
0-0: Ball 1-0: Ball 2-0: Ball 3-0: Foul Ball, location: 2F 3-1: Ground out 6-3 (Groundball, 6)
|
Batting: RHB Taylor McFarland
|
0-0: Ball 1-0: Ground out 1-3 (Groundball, 13S)
|
Batting: RHB Rafael Carreón
|
0-0: Called Strike 0-1: Called Strike 0-2: SINGLE (Groundball, 6D)
|
Batting: LHB Bob Smith
|
0-0: Called Strike 0-1: Ball 1-1: Fly out, F8 (Flyball, 78M)
|
Top of the 5th over - 0 run(s), 1 hit(s), 0 error(s), 1 left on base; Plymouth 2 - Nashville 2 |
BOTTOM OF THE 5TH |
Nashville G-Strings batting - Pitching for Plymouth Rocks : RHP José Martínez
|
Batting: LHB John Horton
|
0-0: Ball 1-0: Ball 2-0: Called Strike 2-1: Foul Ball, location: 2F 2-2: Ball 3-2: Strikes out swinging
|
Batting: RHB Greg King
|
0-0: Ball 1-0: Ground out 1-3 (Groundball, 13)
|
Batting: RHB Wilson López
|
0-0: Ball 1-0: Fly out, F6 (Popup, 6)
|
Bottom of the 5th over - 0 run(s), 0 hit(s), 0 error(s), 0 left on base; Plymouth 2 - Nashville 2 |
TOP OF THE 6TH |
Plymouth Rocks batting - Pitching for Nashville G-Strings : RHP Javier García
|
Batting: LHB Roberto García
|
0-0: Ball 1-0: Ball 2-0: Foul Ball, location: 2F 2-1: Foul Ball, location: 2F 2-2: Foul Ball, location: 2F 2-2: Ground out 3-1 (Groundball, 34S)
|
Batting: LHB Roy Patrick
|
0-0: Ball 1-0: Ball 2-0: Swinging Strike 2-1: Fly out, F8 (Flyball, 8LD)
|
Batting: RHB Andrés Lara
|
0-0: Swinging Strike 0-1: SINGLE (Groundball, 3D)
|
Batting: LHB Barrett Waters
|
0-0: Called Strike 0-1: Ball 1-1: Foul Ball, location: 2F 1-2: Fly out, F9 (Flyball, 9D)
|
Top of the 6th over - 0 run(s), 1 hit(s), 0 error(s), 1 left on base; Plymouth 2 - Nashville 2 |
BOTTOM OF THE 6TH |
Nashville G-Strings batting - Pitching for Plymouth Rocks : RHP José Martínez
|
Batting: SHB Jorge Flores
|
0-0: Ball 1-0: Called Strike 1-1: Foul Ball, location: 2F 1-2: Strikes out swinging
|
Batting: LHB Jesús Núñez
|
0-0: Fly out, F9 (Flyball, 89S)
|
Batting: RHB Sergio Márquez
|
0-0: Ball 1-0: Fly out, F6 (Line Drive, 6)
|
Bottom of the 6th over - 0 run(s), 0 hit(s), 0 error(s), 0 left on base; Plymouth 2 - Nashville 2 |
TOP OF THE 7TH |
Plymouth Rocks batting - Pitching for Nashville G-Strings : RHP Javier García
|
Batting: LHB Roger Moore
|
0-0: Ball 1-0: Ball 2-0: Ground out 1-3 (Groundball, 15S)
|
Batting: RHB António Gonzáles
|
0-0: Ball 1-0: Foul Ball, location: 2F 1-1: Ball 2-1: Swinging Strike 2-2: Strikes out swinging
|
Batting: RHB Taylor McFarland
|
0-0: Ball 1-0: SINGLE (Line Drive, 8RS)
|
Batting: RHB Rafael Carreón
|
0-0: Ball 1-0: Called Strike 1-1: Ball 2-1: Ball 3-1: Foul Ball, location: 2F 3-2: Fly out, F8 (Flyball, 8RXD)
|
Top of the 7th over - 0 run(s), 1 hit(s), 0 error(s), 1 left on base; Plymouth 2 - Nashville 2 |
BOTTOM OF THE 7TH |
Nashville G-Strings batting - Pitching for Plymouth Rocks : RHP José Martínez
|
Batting: RHB Danny Campbell
|
0-0: Called Strike 0-1: Ball 1-1: Foul Ball, location: 2F 1-2: SINGLE (Groundball, 3S) (infield hit)
|
Batting: RHB António Ortega
|
0-0: Ball 1-0: Foul Ball, location: 2F 1-1: Ball 2-1: SINGLE (Line Drive, 6M) Danny Campbell to second Runner from 2nd tries for 3rd, SAFE, throw made to third
|
Batting: SHB Rob Grun
|
0-0: Foul Ball, location: 2F 0-1: Ball 1-1: Swinging Strike 1-2: Ball Passed Ball! Danny Campbell scores António Ortega to second 2-2: Strikes out swinging
|
Batting: LHB John Horton
|
0-0: Ball 1-0: Called Strike 1-1: Called Strike 1-2: Ball 2-2: SINGLE (Line Drive, 6MD) António Ortega to third Runner from 3rd tries for Home, throw and OUT!
|
Batting: RHB Greg King
|
0-0: Called Strike 0-1: Fly out, F9 (Flyball, 9S)
|
Bottom of the 7th over - 1 run(s), 3 hit(s), 0 error(s), 1 left on base; Plymouth 2 - Nashville 3 |
TOP OF THE 8TH |
Plymouth Rocks batting - Pitching for Nashville G-Strings : RHP Javier García
|
Batting: LHB Bob Smith
|
0-0: SINGLE (Line Drive, 9S)
|
Pinch Runner at 1st Jorge Jiménez:
|
|
Batting: LHB Roberto García
|
0-0: Bunted foul 0-1: Sac Bunt - play at first, batter OUT! 3-4 Jorge Jiménez to second
|
Batting: LHB Roy Patrick
|
0-0: Called Strike 0-1: Ball 1-1: Called Strike 1-2: Strikes out swinging
|
Batting: RHB Andrés Lara
|
0-0: Ground out 3-1 (Groundball, 34S)
|
Top of the 8th over - 0 run(s), 1 hit(s), 0 error(s), 1 left on base; Plymouth 2 - Nashville 3 |
BOTTOM OF THE 8TH |
Nashville G-Strings batting - Pitching for Plymouth Rocks : RHP José Martínez
|
Pitching: RHP Pablo Cabral
|
|
Now at 1B: Jorge Jiménez
|
|
Batting: RHB Wilson López
|
0-0: Ball 1-0: Called Strike 1-1: Ball 2-1: Ball 3-1: Base on Balls
|
Pinch Runner at 1st Martín Medina:
|
|
Batting: SHB Jorge Flores
|
0-0: Called Strike 0-1: Grounds into double play, 6-4-3 (Groundball, 6M)
|
Batting: LHB Jesús Núñez
|
0-0: Foul Ball, location: 2F 0-1: Foul Ball, location: 2F 0-2: Strikes out swinging
|
Bottom of the 8th over - 0 run(s), 0 hit(s), 0 error(s), 0 left on base; Plymouth 2 - Nashville 3 |
TOP OF THE 9TH |
Plymouth Rocks batting - Pitching for Nashville G-Strings : RHP Javier García
|
Pitching: RHP Junior Mateo
|
|
Now in LF: Martín Medina
|
|
Batting: LHB Barrett Waters
|
0-0: Called Strike 0-1: Ball 1-1: Swinging Strike 1-2: Foul Ball, location: 2F 1-2: Ball 2-2: Ball 3-2: Base on Balls
|
Batting: LHB Roger Moore
|
0-0: Ball 1-0: Ball 2-0: Ball 3-0: Foul Ball, location: 2F 3-1: Base on Balls Barrett Waters to second
|
Pinch Hitting: RHB Wilbert Rodgers
|
0-0: Ball 1-0: Swinging Strike 1-1: Fly out, F5 (Popup, 5)
|
Batting: RHB Taylor McFarland
|
0-0: Ball 1-0: Called Strike 1-1: SINGLE (Line Drive, 4MD) Barrett Waters to third Roger Moore to second
|
Pinch Hitting: RHB Francisco Ibarra
|
0-0: SINGLE (Line Drive, 56) Barrett Waters scores Roger Moore to third Taylor McFarland to second Runner from 3rd tries for Home, SAFE, no throw
|
Batting: RHB Jorge Jiménez
|
0-0: Fielders Choice at 2nd, 1-6 (Groundball, 13) Taylor McFarland to third
|
Batting: LHB Roberto García
|
0-0: Ball 1-0: Foul Ball, location: 2F 1-1: Ball Jorge Jiménez is caught stealing 2nd base
|
Top of the 9th over - 2 run(s), 2 hit(s), 0 error(s), 0 left on base; Plymouth 4 - Nashville 3 |
BOTTOM OF THE 9TH |
Nashville G-Strings batting - Pitching for Plymouth Rocks : RHP Pablo Cabral
|
Pitching: RHP Robinson Gonzáles
|
|
Now at C: Tadakuni Sugiyama
|
|
Now at 1B: Luis Sánchez
|
|
Batting: RHB Sergio Márquez
|
0-0: Foul Ball, location: 2F 0-1: Fly out, F3 (Popup, 3L)
|
Pinch Hitting: RHB Vicente Aguirre
|
0-0: Foul Ball, location: 2F 0-1: Swinging Strike 0-2: Ball 1-2: Foul Ball, location: 2F 1-2: Strikes out looking
|
Batting: RHB António Ortega
|
0-0: Swinging Strike 0-1: Swinging Strike 0-2: Ball 1-2: Strikes out looking
|
Bottom of the 9th over - 0 run(s), 0 hit(s), 0 error(s), 0 left on base; Plymouth 4 - Nashville 3 |
|